 Dungeon Crawl Stone Soup version 0.27-a0-633-gc6addc0a40 (webtiles) character file.

Game seed: 297641674211120150

266120 spiderkeys the Executioner (level 19, -14/189 HPs)
             Began as a Minotaur Berserker on Mar 14, 2021.
             Was the Champion of Trog.
             Killed from afar by an ancient lich (88 damage)
             ... with a crystal spear
             ... on level 4 of the Vaults.
             The game lasted 01:02:22 (39202 turns).

spiderkeys the Executioner (Minotaur Berserker)    Turns: 39202, Time: 01:02:23

Health: -14/189    AC: 38    Str: 47    XL:     19   Next: 70%
Magic:  6/18       EV: 16    Int:  6    God:    Trog [******]
Gold:   2284       SH:  0    Dex: 10    Spells: 18/18 levels left

rFire    . . .     SeeInvis .   O - +8 frozen axe "Frostbite" {freezing cloud, *Noise +Fly rC+}
rCold    + . .     Faith    .   (shield currently unavailable)
rNeg     . . .     Spirit   .   M - +10 plate armour of the Boiling Point {Will+ Int+2}
rPois    +         Reflect  .   (helmet unavailable)
rElec    .         Harm     .   J - +0 cloak
rCorr    .         Rampage  +   W - +0 pair of gloves of Rotation {rPois Str+5}
Will     +++++                  e - +2 pair of boots {rampage}
Stlth    ..........             (no amulet)
HPRegen  1.41/turn              g - +6 ring of strength
MPRegen  0.16/turn              u - +6 ring of strength

@: regenerating
A: horns 3, retaliatory headbutt, iridescent scales 1, strong-willed 1, sturdy
frame 1
}: 1/15 runes: gossamer
a: Renounce Religion, Evoke Flight, Berserk, Trog's Hand, Brothers in Arms


You were on level 4 of the Vaults.
You worshipped Trog.
Trog was exalted by your worship.
You visited 5 branches of the dungeon, and saw 32 of its levels.
You visited the Abyss 1 time.
You also visited: Sewer and Bailey.

You collected 4658 gold pieces.
You spent 2374 gold pieces at shops.

Inventory:

Hand Weapons
 h - a +2 executioner's axe
 O - the +8 frozen axe "Frostbite" (weapon) {freezing cloud, *Noise +Fly rC+}
   (You bought it in a shop on level 2 of the Orcish Mines)

   It has been specially enchanted to freeze those struck by it, causing extra
   injury to most foes and up to half again as much damage against particularly
   susceptible opponents.
   It can also slow down cold-blooded creatures.
   It protects you from cold.
   It lets you fly.
   It may make noises in combat.
 P - a +1 antimagic broad axe
 X - the +8 storm bow {elec, penet}
   (You found it on level 3 of the Lair of Beasts)

   It charges the ammunition it shoots with electricity; occasionally upon a
   hit, such missiles may discharge and cause terrible harm.
   Ammo fired by it passes through the targets it hits, potentially hitting all
   targets in its path until it reaches maximum range.
Missiles
 Y - 169 arrows
Armour
 e - a +2 pair of boots of rampaging (worn)
 n - the +0 pair of fencer's gloves {Riposte Dex+3}
   (You found it on level 5 of the Lair of Beasts)

   It affects your dexterity (+3).
 q - a +2 hat of intelligence
 J - a +0 cloak (worn)
 M - the +10 plate armour of the Boiling Point (worn) {Will+ Int+2}
   (You found it on level 4 of the Spider Nest)

   It affects your intelligence (+2).
   It affects your willpower, your defense against some magical effects.
 W - the +0 pair of gloves of Rotation (worn) {rPois Str+5}
   (You found it on level 2 of the Lair of Beasts)

   It affects your strength (+5).
   It protects you from poison.
Jewellery
 g - a +6 ring of strength (right hand)
 m - a ring of resist corrosion
 u - a +6 ring of strength (left hand)
 x - a +6 ring of intelligence
 E - a ring of willpower
 H - an amulet of guardian spirit
 K - a ring of willpower
 V - a ring of protection from cold
 Z - an amulet of regeneration
Wands
 r - a wand of paralysis (15)
 C - a wand of acid (22)
Scrolls
 b - 2 scrolls of vulnerability
 c - 3 scrolls of enchant armour
 i - 15 scrolls of teleportation
 j - 6 scrolls of fog
 l - 6 scrolls of enchant weapon
 o - 3 scrolls of blinking
 p - 6 scrolls of magic mapping
 t - a scroll of silence
 y - a scroll of brand weapon
 z - a scroll of torment
 D - a scroll of fear
 G - 13 scrolls of identify
 T - 2 scrolls of immolation
Potions
 a - 4 potions of magic
 d - 13 potions of curing
 f - 4 potions of lignification
 k - 11 potions of attraction
 s - 6 potions of invisibility
 v - 6 potions of might
 w - 2 potions of flight
 F - 4 potions of haste
 I - 4 potions of cancellation
 L - 3 potions of berserk rage
 Q - 4 potions of ambrosia


   Skills:
 + Level 21.2 Fighting
 * Level 24.2 Axes
 + Level 18.8 Armour
 + Level 17.5 Dodging
 - Level 4.0 Shields


You had 18 spell levels left.
You didn't know any spells.
Your spell library contained the following spells:

 Spells                   Type           Power      Damage    Failure   Level
 Animate Skeleton         Necr           0%         N/A       71%         1
 Corona                   Hex            0%         N/A       71%         1
 Freeze                   Ice            0%         1d3       71%         1
 Magic Dart               Conj           0%         1d3       71%         1
 Pain                     Necr           0%         1d4       71%         1
 Summon Small Mammal      Summ           0%         N/A       71%         1
 Blink                    Tloc           N/A        N/A       85%         2
 Call Imp                 Summ           0%         N/A       85%         2
 Ensorcelled Hibernation  Hex/Ice        0%         N/A       85%         2
 Searing Ray              Conj           0%         3d3       85%         2
 Slow                     Hex            0%         N/A       85%         2
 Call Canine Familiar     Summ           0%         N/A       97%         3
 Confusing Touch          Hex            0%         N/A       97%         3
 Conjure Flame            Conj/Fire      0%         6-21      97%         3
 Dazzling Flash           Conj/Hex       0%         N/A       97%         3
 Frozen Ramparts          Ice            0%         1d2       97%         3
 Gell's Gravitas          Tloc           0%         N/A       97%         3
 Ignite Poison            Fire/Tmut/Pois 0%         N/A       97%         3
 Mephitic Cloud           Conj/Pois/Air  0%         N/A       97%         3
 Ozocubu's Armour         Ice            0%         N/A       97%         3
 Summon Guardian Golem    Hex/Summ       0%         N/A       97%         3
 Tukima's Dance           Hex            0%         N/A       97%         3
 Vampiric Draining        Necr           0%         2d6       97%         3
 Animate Dead             Necr           0%         N/A       100%        4
 Fulminant Prism          Conj/Hex       0%         3d6       100%        4
 Hailstorm                Conj/Ice       0%         3d3       100%        4
 Ice Form                 Ice/Tmut       0%         N/A       100%        4
 Iskenderun's Mystic Bla  Conj/Tloc      0%         2d3       100%        4
 Petrify                  Tmut/Erth      0%         N/A       100%        4
 Summon Ice Beast         Ice/Summ       0%         N/A       100%        4
 Summon Lightning Spire   Summ/Air       0%         N/A       100%        4
 Agony                    Necr           0%         N/A       100%        5
 Bolt of Magma            Conj/Fire/Erth 0%         4d4       100%        5
 Borgnjor's Vile Clutch   Necr/Erth      0%         N/A       100%        5
 Iskenderun's Battlesphe  Conj           0%         2d6       100%        5
 Metabolic Englaciation   Hex/Ice        0%         N/A       100%        5
 Silence                  Hex/Air        0%         N/A       100%        5
 Yara's Violent Unravell  Hex/Tmut       0%         3d3       100%        5
 Conjure Ball Lightning   Conj/Air       0%         3x3d6     100%        6
 Death Channel            Necr           0%         N/A       100%        6
 Freezing Cloud           Conj/Ice/Air   0%         6-21      100%        6
 Iron Shot                Conj/Erth      0%         9d1       100%        6
 Simulacrum               Ice/Necr       0%         N/A       100%        6
 Orb of Destruction       Conj           0%         N/A       100%        7
 Ozocubu's Refrigeration  Ice            0%         4d5       100%        7
 Spellforged Servitor     Conj/Summ      0%         N/A       100%        7
 Tornado                  Air            0%         N/A       100%        9


Dungeon Overview and Level Annotations

Branches:
Dungeon (15/15)            Temple (0/1) D:7            Lair (6/6) D:8
 Shoals (0/4) Lair:3       Spider (4/4) Lair:3        Slime (0/5) Lair:5
    Orc (2/2) D:10            Elf (0/3) Orc:2        Vaults (5/5) D:14
  Crypt (0/3) Vaults:3     Depths (0/5) D:15          Sewer (visited)
 Bailey (visited)

Altars:
Ashenzari
Cheibriados
Dithmenos
Elyvilon
Fedhas
Gozag
Hepliaklqana
Qazlal
Ru
Trog
Wu Jian
Xom
The Shining One

Shops:
D:8 !   D:9 :   Orc:1 ?   Orc:2 *(:[[   Vaults:4 *[:[

Annotations:
Vaults:1 3 runed translucent doors, Pooter's ghost, adept MiBe
Vaults:3 26 runed doors


Innate Abilities, Weirdness & Mutations

You have a pair of large horns on your head.
You reflexively headbutt those who attack you in melee.
You are partially covered in iridescent scales. (AC +2)
You are strong-willed. (Will+)
Your movements are slightly less encumbered by armour. (ER -2)


Message History

You destroy the war gargoyle!
Trog accepts your kill.
Your cyclops barely misses the vault guard.
You chop the vault guard into pieces!!! You freeze the vault guard!
Your headbutt misses the vault guard.
The vault guard is severely wounded.
The vault guard is engulfed in freezing vapours.
The vault guard hits you but does no damage.
Your cyclops hits the vault guard!!!
The vault guard dies!
Trog accepts your kill.
You hear some strange, mumbled words.
A crystal spear appears from out of thin air!
Deactivating autopickup; reactivate with Ctrl-A.
The crystal spear hits you!!!
* * * LOW HITPOINT WARNING * * *
Items here: )) [[ †.
Blink to where?
Press: ? - help, Dir - move target
As you read the scroll of blinking, it crumbles to dust.
You feel much better. Something touches your cyclops!
Okay, then.
Something touches your cyclops.
Your cyclops rages.
Your cyclops hits something.
There is an open door here.
You hear a shout!
You close the door.
You feel better.
You start removing your amulet.
You continue taking off your amulet of guardian spirit. x4
Something unseen opens the door.
You finish taking off your amulet of guardian spirit.
The ancient lich touches you but does no damage.
There is an open door here.
You hit the ancient lich.
The ancient lich is moderately damaged.
The ancient lich casts a spell at you. The crystal spear hits you!!!!
You die...

#......##.........♣.∩.♣
#...>..##..........#♣##
#......##..........#
#......##(.........#
#......#######'###########
#...[..# #................
#......# #................
#####'#####................
#.......|.@................
#.........#L§..............
#.........#.§..............
#.........#...##########...
#.........#...'........#...
#.........#...#........#...
#.........#...#........#...
#.........#...#..[.....#...
###########...#........#...


You could see an ancient lich (fast).

Vanquished Creatures
  Mara (Spider:4)
  Boris (Vaults:3)
  Arachne (Spider:2)
  A sphinx (Vaults:4)
  Gastronok (D:12)
  2 ancient champions (Vaults:3)
  Kirke (D:14)
  5 vault wardens
  An orc warlord (Orc:2)
  4 emperor scorpions
  3 ghost moths
  16 ironbound preservers
  A very ugly thing (Vaults:2)
  A vampire knight (Vaults:3)
  A war gargoyle (Vaults:4)
  Azrael (D:12)
  2 spark wasps (Spider:4)
  3 dire elephants
  4 entropy weavers
  An eidolon (Vaults:3)
  Josephine (Lair:4)
  7 yaktaur captains
  22 vault guards
  3 great orbs of eyes
  8 hydras
  6 boulder beetles
  Erolcha (Orc:2)
  An ice dragon (Lair:6)
  6 centaur warriors
  2 ogre magi
  A catoblepas (Lair:6)
  4 ironbound frosthearts
  15 two-headed ogres
  3 tengu warriors
  An anaconda (Lair:5)
  6 death yaks
  7 death scarabs (Spider:4)
  A queen ant (Spider:4)
  4 ironbound beastmasters
  3 orc high priests (Orc:2)
  A spectral emperor scorpion (Spider:4)
  A fire crab (shapeshifter) (Vaults:1)
  2 unseen horrors
  40 deep trolls
  14 ironbound convokers
  Pikel (D:4)
  3 wizards
  11 orc knights
  2 wolf spider zombies (Spider:4)
  7 lindwurms
  19 orb spiders
  2 deep elf pyromancers
  A necromancer (D:14)
  8 manticores
  3 oklob plants (Lair:3)
  3 spectral wolf spiders (Spider:4)
  5 orc sorcerers
  A deep elf zephyrmancer (D:15)
  4 cyclopes
  28 wolf spiders
  9 elephants
  5 moths of wrath
  Maurice (D:12)
  8 vault sentinels
  10 ugly things
  8 black mambas
  A cane toad (shapeshifter) (D:15)
  3 centaur skeletons (D:15)
  8 torpor snails
  2 spectral redbacks (Spider:4)
  2 gargoyles
  18 cane toads
  A freezing wraith (D:14)
  12 komodo dragons
  6 rime drakes
  A redback zombie (Spider:4)
  23 yaktaurs
  11 demonic crawlers
  37 jumping spiders
  2 tengu conjurers
  3 meliai (D:12)
  6 trolls
  3 spectral tarantellas (Spider:4)
  2 tarantella zombies (Spider:4)
  3 spectral jumping spiders (Spider:4)
  3 tyrant leeches (Lair:6)
  16 hornets
  26 slime creatures
  9 blink frogs (Lair:6)
  2 dream sheep (Lair:6)
  A centaur simulacrum (D:15)
  A jumping spider zombie (Spider:4)
  Sigmund (D:5)
  48 redbacks
  8 spriggans (Lair:1)
  2 vampires
  8 wraiths
  4 fire elementals (D:12)
  5 wyverns
  54 yaks
  34 tarantellas
  5 hogs (D:14)
  15 basilisks
  A steam dragon (D:10)
  Edmund (D:4)
  9 wargs
  26 soldier ants
  Duvessa (D:4)
  4 hell hounds (D:12)
  20 water moccasins
  A swamp drake (D:10)
  3 spectral hornets (Spider:4)
  A hornet zombie (D:14)
  39 orc warriors
  3 sky beasts
  2 black bears (Lair:1)
  3 necrophages
  A black bear (shapeshifter) (D:14)
  4 ice beasts
  5 boggarts
  5 wolves
  18 ogres
  17 centaurs
  3 phantoms
  A lemure (D:4)
  21 bullfrogs
  6 kobold brigands
  2 wyvern zombies
  2 gnoll sergeants
  5 scorpions
  31 killer bees
  Dowan (D:4)
  8 electric eels
  4 howler monkeys
  14 wights
  2 centaur zombies
  A quasit (D:10)
  A small abomination (Abyss:2)
  An iron imp (Abyss:2)
  13 orc priests
  10 hounds
  3 jellies
  27 worker ants
  6 iguanas
  26 orc wizards
  7 hell rats (Lair:3)
  5 hound skeletons
  A worker ant zombie (D:11)
  16 gnolls
  18 adders
  A river rat (Sewer)
  An ufetubus (D:10)
  2 oozes (Sewer)
  An adder zombie (D:10)
  3 adder skeletons
  7 worms
  A dart slug (D:2)
  4 leopard geckos
  72 orcs
  8 giant cockroaches
  14 goblins
  13 hobgoblins
  6 jackals
  5 quokkas
  4 ball pythons
  4 bats
  5 frilled lizards
  43 kobolds
  A leopard gecko skeleton (D:4)
  A quokka skeleton (D:5)
  11 rats
  A bush (Lair:2)
  2 butterflies
  A fungus (Orc:2)
  3 plants
1349 creatures vanquished.

Vanquished Creatures (collateral kills)
  A vault guard (Vaults:4)
  A death scarab (Spider:4)
  A spectral redback (Spider:4)
3 creatures vanquished.

Vanquished Creatures (others)
  A wizard (Vaults:4)
  A bullfrog (D:12)
  29 fungi
  31 plants
62 creatures vanquished.

Grand Total: 1414 creatures vanquished

Notes
Turn   | Place    | Note
-------+----------+-------------------------------------------
     0 | D:1      | spiderkeys the Minotaur Berserker began the quest for the
                  | Orb.
     0 | D:1      | Reached XP level 1. HP: 19/19 MP: 0/0
   217 | D:1      | Reached XP level 2. HP: 23/27 MP: 1/1
   225 | D:1      | Reached skill level 4 in Axes
   492 | D:1      | Reached ** piety under Trog
   708 | D:2      | Found a glowing golden altar of the Shining One.
   716 | D:2      | Reached XP level 3. HP: 33/33 MP: 2/2
   810 | D:2      | Found a faded altar of an unknown god.
   939 | D:2      | Found a sacrificial altar of Ru.
   956 | D:2      | Found a blossoming altar of Fedhas.
   984 | D:2      | Found a broken altar of Ashenzari.
  1166 | D:2      | Found a shadowy altar of Dithmenos.
  1673 | D:3      | Reached XP level 4. HP: 23/40 MP: 3/3
  1888 | D:3      | Found a glowing drain.
  1891 | D:3      | Reached *** piety under Trog
  1905 | Sewer    | Entered a sewer
  2029 | Sewer    | Noticed a kobold brigand
  2039 | Sewer    | Reached skill level 5 in Axes
  2048 | Sewer    | Killed a kobold brigand
  2049 | Sewer    | Reached XP level 5. HP: 26/47 MP: 4/4
  2539 | Sewer    | Reached skill level 6 in Axes
  2539 | Sewer    | Reached XP level 6. HP: 33/55 MP: 5/5
  2543 | Sewer    | Reached skill level 5 in Fighting
  3097 | D:3      | Found an ornate altar of the Wu Jian Council.
  3401 | D:4      | Noticed Dowan
  3403 | D:4      | Noticed Duvessa
  3405 | D:4      | Killed Dowan
  3411 | D:4      | Killed Duvessa
  3412 | D:4      | Reached XP level 7. HP: 61/61 MP: 6/6
  3579 | D:4      | Noticed Pikel
  3587 | D:4      | Killed Pikel
  3588 | D:4      | Reached skill level 7 in Axes
  3588 | D:4      | Reached skill level 5 in Armour
  3588 | D:4      | Reached skill level 5 in Dodging
  3588 | D:4      | Reached XP level 8. HP: 68/70 MP: 7/7
  3595 | D:4      | Reached skill level 8 in Axes
  3635 | D:4      | Noticed Edmund
  3657 | D:4      | Killed Edmund
  3747 | D:4      | Found a shimmering altar of Xom.
  4457 | D:5      | Entered Level 5 of the Dungeon
  4457 | D:5      | Found a bloodstained altar of Trog.
  4477 | D:5      | Reached **** piety under Trog
  4613 | D:5      | Found a white marble altar of Elyvilon.
  4711 | D:5      | Reached skill level 9 in Axes
  4723 | D:5      | Noticed Sigmund
  5420 | D:6      | Reached XP level 9. HP: 53/79 MP: 8/8
  5587 | D:6      | Found an opulent altar of Gozag.
  5847 | D:6      | Reached skill level 10 in Axes
  6473 | D:5      | Killed Sigmund
  7271 | D:7      | Found a hazy altar of Hepliaklqana.
  7301 | D:7      | Found a staircase to the Ecumenical Temple.
  7476 | D:7      | Found a stormy altar of Qazlal.
  7663 | D:7      | Found an opulent altar of Gozag.
  8122 | D:8      | Noticed a two-headed ogre
  8131 | D:8      | Killed a two-headed ogre
  8132 | D:8      | Reached skill level 11 in Axes
  8140 | D:8      | Found Eblothren's Distillery.
  8164 | D:8      | Found a flagged portal.
  8175 | Bailey   | Entered a bailey
  8385 | Bailey   | Noticed an orc knight
  8397 | Bailey   | Killed an orc knight
  8398 | Bailey   | Reached XP level 10. HP: 90/90 MP: 9/9
  8668 | Bailey   | Reached ***** piety under Trog
  8805 | D:8      | Bought a potion of heal wounds for 70 gold pieces
  8808 | D:8      | Noticed a two-headed ogre
  8821 | D:8      | Killed a two-headed ogre
  8822 | D:8      | Reached skill level 12 in Axes
  9243 | D:8      | Identified the +6 chain mail "Tobe" {*Slow Int+5 Dex+7}
  9355 | D:8      | Received a gift from Trog
  9411 | D:8      | Found a staircase to the Lair.
 10265 | Lair:1   | Entered Level 1 of the Lair of Beasts
 10622 | D:8      | Found a snail-covered altar of Cheibriados.
 10858 | D:9      | Noticed a two-headed ogre
 10863 | D:9      | Killed a two-headed ogre
 10939 | D:9      | Reached XP level 11. HP: 98/99 MP: 10/10
 10973 | D:9      | Reached skill level 13 in Axes
 11230 | D:9      | Found Raaza's Book Boutique.
 11454 | D:10     | Entered Level 10 of the Dungeon
 11499 | D:10     | Reached skill level 10 in Fighting
 11818 | D:10     | Received a gift from Trog
 11846 | D:10     | Found a shimmering altar of Xom.
 11850 | D:10     | Found a shimmering altar of Xom.
 11851 | D:10     | Found a shimmering altar of Xom.
 11855 | D:10     | Identified the +1 robe of Grace {Dex+2}
 11861 | D:10     | Found a shimmering altar of Xom.
 11864 | D:10     | Found a shimmering altar of Xom.
 11905 | D:10     | Reached skill level 1 in Shields
 11999 | D:10     | Found a staircase to the Orcish Mines.
 12275 | D:11     | Reached skill level 10 in Armour
 12319 | D:11     | Noticed a two-headed ogre
 12387 | D:11     | Noticed a five-headed hydra
 12395 | D:11     | Killed a two-headed hydra
 12540 | D:11     | Noticed a two-headed ogre
 12549 | D:11     | Killed a two-headed ogre
 12571 | D:11     | Reached skill level 14 in Axes
 12691 | D:11     | Killed a two-headed ogre
 12798 | D:11     | Noticed a cyan ugly thing
 12802 | D:11     | Noticed a white ugly thing
 12806 | D:11     | Killed a cyan ugly thing
 12807 | D:11     | Reached XP level 12. HP: 103/108 MP: 9/11
 12808 | D:11     | Received a gift from Trog
 12820 | D:11     | Reached skill level 10 in Dodging
 12852 | D:11     | Found a glowing golden altar of the Shining One.
 13283 | D:12     | Noticed Gastronok
 13295 | D:12     | Killed Gastronok
 13313 | D:12     | Noticed a two-headed ogre
 13317 | D:12     | Noticed an eight-headed hydra
 13320 | D:12     | Killed a two-headed ogre
 13321 | D:12     | Reached skill level 15 in Axes
 13327 | D:12     | Killed a six-headed hydra
 13608 | D:12     | Noticed Azrael
 13640 | D:12     | Killed Azrael
 14590 | D:13     | Noticed a centaur warrior
 14596 | D:13     | Noticed a centaur warrior
 14612 | D:12     | Killed a centaur warrior
 14613 | D:12     | Reached skill level 16 in Axes
 14613 | D:12     | Reached XP level 13. HP: 69/118 MP: 7/12
 14955 | D:13     | Noticed Maurice
 14994 | D:12     | Killed Maurice
 15111 | D:12     | Received a gift from Trog
 15770 | D:14     | Noticed Kirke
 15789 | D:14     | Killed Kirke
 16197 | D:14     | Reached skill level 17 in Axes
 16695 | D:14     | Found a gate to the Vaults.
 16704 | D:14     | Reached ****** piety under Trog
 16863 | D:15     | Entered Level 15 of the Dungeon
 17236 | D:15     | Reached XP level 14. HP: 125/129 MP: 13/13
 17484 | D:15     | Found a staircase to the Depths.
 17673 | D:15     | Received a gift from Trog
 17750 | D:15     | Reached skill level 18 in Axes
 18817 | Orc:1    | Entered Level 1 of the Orcish Mines
 19465 | Orc:1    | Found Loimog's Magic Scroll Shoppe.
 19471 | Orc:1    | Bought a scroll of acquirement for 780 gold pieces
 19471 | Orc:1    | Acquired a manual of Fighting
 19740 | Orc:2    | Entered Level 2 of the Orcish Mines
 19746 | Orc:2    | Found Veoqapy's Antique Weapon Emporium.
 19749 | Orc:2    | Noticed Erolcha
 19949 | Orc:1    | Received a gift from Trog
 20038 | Orc:2    | Cast into level 2 of the Abyss (Erolcha)
 20076 | Abyss:2  | Noticed a green very ugly thing
 20121 | Abyss:2  | Found a corrupted altar of Lugonu.
 20174 | Abyss:2  | Noticed a starcursed mass
 20186 | Abyss:2  | Identified the +1 robe of the Hills {rPois Int+6 Stlth-}
 20206 | Abyss:3  | Found a corrupted altar of Lugonu.
 20247 | Abyss:3  | Gained mutation: You are dopey. (Int -2) [a neqoxec]
 20270 | Orc:2    | Escaped the Abyss
 20275 | Orc:2    | Found Xyjaihit's General Store.
 20582 | Orc:2    | Bought the +8 frozen axe "Frostbite" {freezing cloud,
                  | *Noise +Fly rC+} for 1412 gold pieces
 20582 | Orc:2    | Found the +8 frozen axe "Frostbite" {freezing cloud, *Noise
                  | +Fly rC+}
 20630 | Orc:2    | Found a staircase to the Elven Halls.
 20693 | Orc:2    | Killed Erolcha
 20773 | Orc:2    | Found Gaeff's Book Shop.
 20860 | Orc:2    | Noticed an orc warlord
 20861 | Orc:2    | Found Muov's Antique Armour Emporium.
 20869 | Orc:2    | Killed an orc warlord
 20872 | Orc:2    | Reached skill level 15 in Fighting
 21225 | Orc:2    | Found Nofaas's Armour Shoppe.
 21627 | Lair:1   | Reached XP level 15. HP: 132/141 MP: 14/14
 21628 | Lair:1   | Received a gift from Trog
 21773 | Lair:1   | You fall into a shaft and drop 1 floor!
 22624 | Lair:2   | Found a sacrificial altar of Ru.
 22906 | Lair:2   | Identified the +0 pair of gloves of Rotation {rPois Str+5}
 23101 | Lair:3   | Found a staircase to the Shoals.
 23175 | Lair:3   | Found a hole to the Spider Nest.
 23258 | Lair:3   | Found the +8 storm bow {elec, penet}
 23682 | Lair:3   | Received a gift from Trog
 23813 | Lair:3   | Reached skill level 19 in Axes
 24196 | Spider:1 | Entered Level 1 of the Spider Nest
 24258 | Lair:4   | Noticed Josephine
 24265 | Lair:4   | Reached skill level 15 in Armour
 24268 | Lair:4   | Killed Josephine
 25249 | Lair:5   | Found a staircase to the Slime Pits.
 25289 | Lair:5   | Received a gift from Trog
 25651 | Lair:5   | Found the +0 pair of fencer's gloves {Riposte Dex+3}
 25986 | Lair:6   | Entered Level 6 of the Lair of Beasts
 26423 | Lair:6   | Reached XP level 16. HP: 154/154 MP: 15/15
 26824 | Lair:6   | Received a gift from Trog
 26963 | Lair:6   | Identified the Almanac of Flames and Confrontation
 27259 | Lair:6   | Found a runed translucent door.
 27301 | Lair:6   | Reached skill level 20 in Axes
 28623 | Spider:1 | Received a gift from Trog
 29099 | Spider:2 | Reached skill level 15 in Dodging
 29725 | Spider:2 | Noticed Arachne
 29733 | Spider:2 | Killed Arachne
 30294 | Spider:3 | Reached skill level 21 in Axes
 30874 | Spider:3 | Reached XP level 17. HP: 153/166 MP: 13/16
 31359 | Spider:4 | Entered Level 4 of the Spider Nest
 31555 | Spider:4 | Received a gift from Trog
 31899 | Spider:4 | Identified the +10 plate armour of the Boiling Point {Will+
                  | Int+2}
 31934 | Spider:4 | Lost mutation: You are dopey. (Int -2) [potion of mutation]
 31934 | Spider:4 | Gained mutation: You are clumsy. (Dex -2) [potion of
                  | mutation]
 31934 | Spider:4 | Gained mutation: You are very clumsy. (Dex -4) [potion of
                  | mutation]
 31934 | Spider:4 | Gained mutation: You have large cloven feet. [potion of
                  | mutation]
 31934 | Spider:4 | Gained mutation: You can translocate small distances at
                  | will. [potion of mutation]
 31935 | Spider:4 | Lost mutation: You have large cloven feet. [potion of
                  | mutation]
 31935 | Spider:4 | Lost mutation: You are very clumsy. (Dex -4) [potion of
                  | mutation]
 31935 | Spider:4 | Gained mutation: You passively map a small area around you.
                  | [potion of mutation]
 31936 | Spider:4 | Lost mutation: You are clumsy. (Dex -2) [potion of
                  | mutation]
 31936 | Spider:4 | Lost mutation: You passively map a small area around you.
                  | [potion of mutation]
 31936 | Spider:4 | Lost mutation: You can translocate small distances at will.
                  | [potion of mutation]
 31936 | Spider:4 | Gained mutation: You have a pair of large horns on your
                  | head. [potion of mutation]
 31936 | Spider:4 | Gained mutation: Scrolls take you a little longer to read.
                  | [potion of mutation]
 31936 | Spider:4 | Gained mutation: You are strong-willed. (Will+) [potion of
                  | mutation]
 31936 | Spider:4 | Gained mutation: Your spells are a little harder to cast,
                  | but a little more powerful. [potion of mutation]
 32956 | Spider:4 | Received a gift from Trog
 33512 | Spider:4 | Noticed Mara
 33531 | Spider:4 | Noticed spiderkeys's illusion
 33541 | Spider:4 | Reached skill level 22 in Axes
 33563 | Spider:4 | Noticed spiderkeys's illusion
 33566 | Spider:4 | Killed Mara
 33833 | Spider:4 | Got a gossamer rune of Zot
 34331 | Vaults:1 | Entered Level 1 of the Vaults
 34539 | D:8      | Bought a potion of mutation for 112 gold pieces
 34539 | D:8      | Lost mutation: Your spells are a little harder to cast, but
                  | a little more powerful. [potion of mutation]
 34539 | D:8      | Lost mutation: Scrolls take you a little longer to read.
                  | [potion of mutation]
 34539 | D:8      | Gained mutation: You are partially covered in iridescent
                  | scales. (AC +2) [potion of mutation]
 34539 | D:8      | Gained mutation: Your movements are slightly less
                  | encumbered by armour. (ER -2) [potion of mutation]
 34750 | Vaults:1 | Found a runed translucent gate.
 34750 | Vaults:1 | Found a runed translucent gate.
 34750 | Vaults:1 | Found a runed translucent gate.
 34751 | Vaults:1 | Noticed Pooter's ghost (adept MiBe)
 34930 | Vaults:1 | Reached XP level 18. HP: 178/178 MP: 17/17
 35165 | Vaults:1 | Received a gift from Trog
 36889 | Vaults:2 | Received a gift from Trog
 36911 | Vaults:2 | Reached skill level 23 in Axes
 37300 | Vaults:3 | Noticed Boris
 37317 | Vaults:3 | Killed Boris
 37543 | Vaults:3 | Found a staircase to the Crypt.
 37811 | Vaults:3 | Found a huge runed gate.
 37811 | Vaults:3 | Found a huge runed gate.
 37811 | Vaults:3 | Found a huge runed gate.
 37811 | Vaults:3 | Found a huge runed gate.
 37811 | Vaults:3 | Found a huge runed gate.
 37811 | Vaults:3 | Found a huge runed gate.
 37812 | Vaults:3 | Found a huge runed gate.
 37812 | Vaults:3 | Found a huge runed gate.
 37812 | Vaults:3 | Found a huge runed gate.
 37812 | Vaults:3 | Found a huge runed gate.
 37812 | Vaults:3 | Found a huge runed gate.
 37813 | Vaults:3 | Found a huge runed gate.
 37814 | Vaults:3 | Found a huge runed gate.
 37814 | Vaults:3 | Found a huge runed gate.
 37815 | Vaults:3 | Found a huge runed gate.
 37816 | Vaults:3 | Found a huge runed gate.
 37817 | Vaults:3 | Found a huge runed gate.
 37821 | Vaults:3 | Received a gift from Trog
 37822 | Vaults:3 | Reached XP level 19. HP: 184/187 MP: 16/18
 37836 | Vaults:3 | Found a huge runed gate.
 37836 | Vaults:3 | Found a huge runed gate.
 37836 | Vaults:3 | Found a huge runed gate.
 37836 | Vaults:3 | Found a huge runed gate.
 37836 | Vaults:3 | Found a huge runed gate.
 37836 | Vaults:3 | Found a huge runed gate.
 37837 | Vaults:3 | Found a huge runed gate.
 37838 | Vaults:3 | Found a huge runed gate.
 37839 | Vaults:3 | Found a huge runed gate.
 37889 | Vaults:3 | You fall into a shaft and drop 1 floor!
 37975 | Vaults:4 | Found Keatuepp's Book Shoppe.
 38346 | Vaults:4 | Received a gift from Trog
 38414 | Vaults:4 | Found a flickering gateway to a bazaar.
 38468 | Vaults:4 | Found Sul Huuh's Assorted Antiques.
 38666 | Vaults:4 | Found Tytroed's Armour Boutique.
 38802 | Vaults:4 | Reached skill level 24 in Axes
 39059 | Vaults:4 | Found Vuusy's Antique Armour Boutique.
 39161 | Vaults:5 | Entered Level 5 of the Vaults
 39161 | Vaults:5 | Noticed an ancient lich
 39202 | Vaults:4 | Killed from afar by an ancient lich

Illustrated notes

Levels and vault maps discovered:
D:1:      minmay_arrival_loop, layout_rooms, minmay_pentomino_s4
D:2:      layout_basic, fedhas_altar_2, old_standard_altar,
          ashenzari_conservatory_becter, general_overflow_altar,
          nicolae_overflow_crystal_walls,
          chequers_ecumenical_altar_simple_redux, chequers_jeans
D:3:      layout_basic, marbit_many_paths, cheibrodos_sewer_entry_drain,
          corexii_leaking_fountain
D:4:      layout_loops_ring, overflow_temple_1_default, st_stairs_8,
          uniq_duvessa, uniq_edmund, uniq_pikel
D:5:      layout_cave_pools, elyvilon_altar_1, nicolae_overflow_hidden_temple,
          uniq_sigmund
D:6:      layout_basic, nicolae_gozag_cash_rules_everything_around_me
D:7:      layout_loops_corners, nicolae_qazlal_eye_of_the_storm,
          kennysheep_little_box, nicolae_hepliaklqana_hazy_memory,
          minmay_temple_entry_butterflies
D:8:      layout_basic, kennysheep_mini, erik_lair_island, serial_shops,
          nicolae_shop_behind_doors, enter_bailey_2, grunt_decor_mini_mirrors,
          hangedman_decor_riveting, kennysheep_donut, minmay_diced_spiral
D:9:      layout_cave_pools, serial_shops, nicolae_shop_crystal,
          kennysheep_cluttered_room
D:10:     layout_rooms, erik_orc_1, xom_redecorated
D:11:     layout_rooms, minmay_ruined_shrine
D:12:     layout_irregular_city, kennysheep_generic_room_8, uniq_gastronok,
          uniq_azrael
D:13:     layout_rooms, uniq_maurice
D:14:     layout_cave_pools, david_vaults_1, grunt_decor_clamped, uniq_kirke
D:15:     hangedman_depths_entry_civil_slaughter, layout_stronghold,
          serial_glass, glass_columns_a, glass_columns_b, nooodl_orcs_dogs
Lair:1:   kb_forest_paths, layout_long_grid, beast_lair_carwin_11,
          lemuel_fruit_fields
Lair:2:   layout_cellular_growth, basic_altar
Lair:3:   layout_chaotic_city, minmay_shoals_entry_centaurs,
          nicolae_spider_entry_tight_spaces, kennysheep_basilisk_garden,
          minmay_lair_oklob_chamber, grunt_megastairs_3
Lair:4:   layout_hall_layers, serial_bayou_shore_b, grunt_megastairs_5,
          lemuel_fruit_fields, uniq_josephine
Lair:5:   beast_lair_carwin_large_3, layout_gridlike, slime_dummy,
          serial_bayou_ford_a, cheibrodos_lair_caveside_slide, st_stairs_13
Lair:6:   hangedman_lair_in_review, layout_regular_city, wormcave
Spider:1: layout_spider_delve
Spider:2: layout_spider_delve, uniq_arachne
Spider:3: layout_spider_delve
Spider:4: floodkiller_spider_rune_tomb, minivault_29, uniq_mara
Orc:1:    layout_caves, serial_shops, shop
Orc:2:    grunt_orc_gardens, layout_caves, grunt_orc_garden, grunt_orc_garden,
          grunt_orc_garden, grunt_orc_garden, serial_shops, shop,
          nicolae_orc_sculptors_studio, uniq_erolcha
Vaults:1: gammafunk_vaults_ghost_spectres, nicolae_vaults_hallways_thing,
          v_misc_13, v_misc_18, nicolae_vaults_angled_halls,
          nicolae_vaults_little_squares_4, nicolae_vaults_network_quinsquares
          [nicolae_vaults_network_quincunx_subvault,
          nicolae_vaults_network_quincunx_subvault,
          nicolae_vaults_network_quincunx_subvault,
          nicolae_vaults_network_quincunx_subvault], vaults_dpeg_diagonal,
          layout_vaults_quadrants
Vaults:2: v_misc_30, vaults_room_grid, v_misc_9, v_misc_12,
          nicolae_vaults_network_star, nicolae_vaults_circle_grid_a,
          hangedman_vaults_trim, v_misc_8, nicolae_vaults_sealed_display,
          layout_vaults_omnibox
Vaults:3: vaults_mumra_lcd, nicolae_vaults_yaktaur_gun_rack,
          grunt_vaults_trifunnel, ontoclasm_vaults_gateway,
          nicolae_vaults_ring_of_whatevers, vaults_door_vault,
          minmay_crypt_entry_simple_walls, serial_ice_m,
          hangedman_vaults_stitches, v_pattern_5, layout_vaults_omnicross,
          serial_shops, shop_statue, uniq_boris
Vaults:4: v_rooms_4, nicolae_vaults_gold_heap, v_misc_12, v_misc_26,
          nicolae_vaults_little_squares_4, vaults_room_pools,
          layout_vaults_big_room, serial_shops, freezing_bzr, shop, shop,
          nicolae_shop_trees, nicolae_shop_stone
Vaults:5

Skill      XL: |  1  2  3  4  5  6  7  8  9 10 11 12 13 14 15 16 17 18 19 |
---------------+----------------------------------------------------------+-----
Axes           | 4 5 6 7 9 11 12 14 16 17 18 19 21 22 23 24 | 24.2
Fighting       | 4 5 6 7 8 9 10 12 13 15 16 18 20 21 | 21.2
Armour         | 3 4 5 6 8 9 10 11 13 14 15 16 17 18 | 18.8
Dodging        | 3 4 5 6 7 8 9 11 12 13 14 15 16 17 | 17.5
Shields        | 4 |  4.0

Action                   |  1- 3 |  4- 6 |  7- 9 | 10-12 | 13-15 | 16-18 | 19-21 || total
-------------------------+-------+-------+-------+-------+-------+-------+-------++-------
Melee: Hand axe          |   109 |   135 |   263 |   569 |   455 |       |       ||  1531
       Headbutt          |    16 |    13 |    48 |   185 |   283 |   192 |    33 ||   770
       Spear             |       |       |       |    34 |       |       |       ||    34
       War axe           |       |       |       |       |   113 |       |       ||   113
       Executioner's axe |       |       |       |       |   312 |   721 |   127 ||  1160
Invok: Berserk           |     1 |     1 |     3 |     2 |     3 |     1 |       ||    11
       Trog's Hand       |       |       |       |       |     2 |     3 |     1 ||     6
       Brothers in Arms  |       |       |       |       |       |     2 |     1 ||     3
 Abil: Evoke Flight      |       |       |       |       |       |     1 |       ||     1
  Use: Scroll            |       |       |    17 |     6 |     5 |     4 |     2 ||    34
       Potion            |       |       |       |       |       |     8 |     3 ||    11
 Stab: Held in net/web   |       |       |       |       |       |     1 |       ||     1
       Distracted        |       |       |       |       |       |     1 |       ||     1
Armor: Animal skin       |     5 |       |       |       |       |       |       ||     5
       Ring mail         |    25 |    45 |    88 |    46 |       |       |       ||   204
       Chain mail        |       |       |       |   198 |   380 |   160 |       ||   738
       Plate armour      |       |       |       |       |       |   328 |    61 ||   389
Dodge: Dodged            |    55 |    65 |   116 |   349 |   443 |   523 |    75 ||  1626
Block: Buckler           |       |       |       |    95 |    30 |       |       ||   125
       Kite shield       |       |       |       |       |   222 |       |       ||   222

Table legend: (Time is in decaauts)
 A = Elapsed time spent in this place.
 B = Non-inter-level travel time spent in this place.
 C = Inter-level travel time spent in this place.
 D = Time resting spent in this place.
 E = Time spent auto-exploring this place.
 F = Levels seen in this place.
 G = Mean time per level.
                   A        B        C        D        E       F      G
               +--------+--------+--------+--------+--------+-----+--------+
         Total |  39159 |  37097 |   2062 |   4402 |  27027 |  36 | 1087.8 |
       Dungeon |  17527 |  16438 |   1089 |   2383 |  11681 |  15 | 1168.5 |
          Lair |   6583 |   6098 |    485 |    387 |   4901 |   6 | 1097.2 |
   Spider Nest |   6498 |   6193 |    305 |    817 |   4461 |   4 | 1624.5 |
  Orcish Mines |   2279 |   2186 |     93 |    496 |   1327 |   2 | 1139.5 |
        Vaults |   4535 |   4446 |     89 |      0 |   3830 |   5 |  907.0 |
         Abyss |    237 |    237 |      0 |      0 |      0 |   2 |  118.5 |
         Sewer |    986 |    986 |      0 |      0 |    825 |   1 |  986.0 |
        Bailey |    512 |    512 |      0 |    317 |      0 |   1 |  512.0 |
               +--------+--------+--------+--------+--------+-----+--------+

Top non-repeatable levels by time:
Spider:4: 2166 daAuts
     D:8: 2056 daAuts
Spider:3: 1780 daAuts
    D:12: 1741 daAuts
    D:15: 1684 daAuts
  Lair:6: 1609 daAuts
     D:5: 1465 daAuts
    D:14: 1402 daAuts
Vaults:1: 1363 daAuts
Spider:1: 1307 daAuts
Vaults:4: 1282 daAuts
Vaults:2: 1257 daAuts
Spider:2: 1242 daAuts
  Lair:3: 1213 daAuts
   Orc:1: 1168 daAuts
